 Dungeon Crawl Stone Soup version 0.32-a0-131-g9dbbe29261 (webtiles) character file.

Game seed: 7285808693810030969

650 ragingrage the Cudgeller (level 7, -1/135 HPs)
             Began as a Naga Warper on Feb 8, 2024.
             Slain by an orc
             ... wielding a +0 hand axe
              (3 damage)
             ... on level 5 of the Dungeon.
             The game lasted 00:06:31 (3918 turns).

ragingrage the Cudgeller (Naga Warper)              Turns: 3918, Time: 00:06:31

Health: -1/135     AC: 23    Str: 14    XL:     7   Next: 53%
Magic:  19/19      EV:  1    Int: 13    God:
Gold:   265        SH:  0    Dex: 12    Spells: 8/10 levels left

rFire   . . .        a - +2 mace (drain)
rCold   . . .        (no shield)
rNeg    . . .        r - melded +0 leather armour
rPois   +            w - melded +0 helmet
rElec   .            (cloak currently unavailable)
rCorr   .            (gloves currently unavailable)
SInv    +            (no barding)
Will    .....        (no amulet) Stlth
                     G - ring of wizardry
HPRegen 0.42/turn    n - ring of magical power
MPRegen 0.16/turn

%: wizardry (x1)
@: brilliant, berserking (expiring), tree-form, attractive, very quick
A: stationary, stasis, torment immunity, boosted hp, AC +2, large, see
invisible, (deformed body), (poison resistance), (slowness 2), spit poison 1,
(naga tail 1), (claws 1)
a: Spit Poison


You were on level 5 of the Dungeon.
You were a tree.
You visited 1 branch of the dungeon, and saw 5 of its levels.

You collected 265 gold pieces.

Inventory:

Hand Weapons
 a - a +2 mace of draining (weapon)
 b - a +2 sling of electrocution
 C - a +0 orcbow
Missiles
 d - 7 darts of dispersal
 f - 3 boomerangs (quivered)
 E - 2 poisoned darts
Armour
 r - a +0 leather armour (melded)
 w - a +0 helmet (melded)
Jewellery
 j - a ring of flight
 n - a ring of magical power (right branch)
 x - a ring of resist corrosion
 G - a ring of wizardry (left branch)
Scrolls
 c - 2 scrolls of blinking
 e - 2 scrolls of identify {unknown}
 g - a scroll of immolation {unknown}
 h - a scroll of silence {unknown}
 i - a scroll of teleportation
 l - 2 scrolls of poison {unknown}
 m - 2 scrolls of revelation {unknown}
 o - 2 scrolls of vulnerability {unknown}
 p - 2 scrolls of fear {unknown}
 q - 2 scrolls of fog {unknown}
 s - 2 scrolls of summoning {unknown}
 t - 2 scrolls of enchant armour {unknown}
 y - a scroll of amnesia {unknown}
Potions
 k - a potion of enlightenment
 v - 2 potions of brilliance
 z - a potion of attraction
 B - a potion of haste {unknown}
 D - a potion of cancellation {unknown}
 F - a potion of invisibility {unknown}


   Skills:
 - Level 2.0 Fighting
 + Level 6.8 Maces & Flails
 - Level 3.3 Ranged Weapons
 - Level 0.8 Throwing
 - Level 0.7 Armour
 - Level 1.5 Dodging
 - Level 3.0 Stealth
 - Level 2.0 Spellcasting
 - Level 3.0 Translocations


You had 8 spell levels left.
You knew the following spells:

 Your Spells              Type           Power      Damage    Failure   Level
a - Blink                 Tloc           26%        N/A       4%          2

Your spell library contained the following spells:

 Spells                   Type           Power      Damage    Failure   Level
 Lesser Beckoning         Tloc           26%        N/A       4%          2
 Teleport Other           Tloc           13%        N/A       9%          3
 Call Imp                 Summ           2%         N/A       16%         2
 Ensorcelled Hibernation  Hex/Ice        2%         N/A       16%         2
 Sublimation of Blood     Necr           1%         N/A       16%         2
 Passwall                 Erth           1%         N/A       28%         3
 Summon Ice Beast         Ice/Summ       1%         N/A       28%         3
 Swiftness                Air            1%         N/A       28%         3
 Manifold Assault         Tloc           13%        N/A       28%         4
 Vhi's Electric Charge    Tloc/Air       14%        N/A       45%         4
 Summon Mana Viper        Hex/Summ       1%         N/A       93%         5
 Monstrous Menagerie      Summ           0%         N/A       100%        7
 Summon Hydra             Summ           0%         N/A       100%        7


Dungeon Overview and Level Annotations

Branches:
Dungeon (5/15)
 Temple: D:4-7

Altars:

Shops:
D:1 !??:

Annotations:
D:3 exclusion: downstairs


Innate Abilities, Weirdness & Mutations

You are a tree.
Your roots penetrate the ground, keeping you stationary.
You cannot be teleported.
You are immune to unholy pain and torment.
Your maximum health is greatly increased.
Your equipment is partially melded.
((Your serpentine skin is tough. (AC +2)))
You have supernaturally acute eyesight. (SInv)
((Armour fits poorly on your strangely shaped body.))
((Your system is resistant to poisons. (rPois)))
((You cover ground very slowly.))
You can spit poison.
((You have a snake-like lower body.))
((You have sharp fingernails.))


Message History

The centaur kicks you but does no damage.
The orc wizard hits you with a +0 dagger.
* * * LOW HITPOINT WARNING * * *
An orc comes into view. It is wielding a +0 hand axe.
The orc is attracted toward you.
The orc shouts!
You sock the centaur!
The centaur hits you but does no damage.
The centaur kicks you but does no damage.
The orc is attracted toward you.
You are too berserk!
You barely miss the centaur.
The centaur hits you but does no damage.
The centaur kicks you but does no damage.
The orc wizard hits you but does no damage.
You sock the centaur!
You kill the centaur!
An orc wizard comes into view. It is wielding a +0 dagger.
The orc wizard hits you but does no damage.
The orc is attracted toward you. The orc wizard is attracted toward you.
You barely miss the orc wizard.
An orc comes into view. It is wielding a +2 antimagic falchion.
The orc hits you but does no damage.
The orc wizard hits you with a +0 dagger.
* * * LOW HITPOINT WARNING * * *
The orc wizard gestures at you while chanting.
The puff of flame hits the orc wizard!
The orc wizard is attracted toward you. The orc is attracted toward you.
You are too berserk!
You closely miss the orc wizard. You punch the orc wizard.
You kill the orc wizard!
The orc wizard is attracted toward you. The orc is attracted toward you.
You miss the orc wizard. You punch the orc wizard!
The orc hits you but does no damage.
The orc wizard hits you but does no damage.
The orc is attracted toward you.
You hit the orc wizard.
You kill the orc wizard!
The orc hits you with a +0 hand axe.
You die...

..# ..####. ..#....
##..... #.....
###########.#.###.#
#..................
##.##>.....)...#
#......###.♣####
#......# ##o)###
#......# ##.o§###.#
#>.....# ###§....#
##......##########.....$
........................
##...†.....######## ....
##.###..[.# ...
#.###....#########. ..


You could see 2 orcs.

Vanquished Creatures
  Sigmund (D:4)
  2 centaurs (D:5)
  A phantom (D:4)
  A scorpion (D:4)
  A hound (D:5)
  Jessica (D:2)
  2 iguanas
  2 orc wizards (D:5)
  Robin (D:3)
  An adder (D:3)
  3 ribbon worms
  3 orcs (D:4)
  7 endoplasms
  3 giant cockroaches
  11 goblins
  11 hobgoblins
  3 jackals (D:2)
  4 kobolds
  8 quokkas
  5 ball pythons
  A bat (D:2)
  2 frilled lizards (D:3)
  2 rats (D:3)
76 creatures vanquished.

Notes
Turn   | Place    | Note
-------+----------+-------------------------------------------
     0 | D:1      | ragingrage the Naga Warper began the quest for the Orb.
     0 | D:1      | Reached XP level 1. HP: 19/19 MP: 3/3
     3 | D:1      | You fall into a shaft and drop 1 floor!
   152 | D:1      | Found Guyrgh's Book Boutique.
   167 | D:1      | Reached XP level 2. HP: 23/26 MP: 5/5
   287 | D:1      | Found Sidao's Magic Scroll Emporium.
   308 | D:1      | Found Gopn's Magic Scroll Shoppe.
   323 | D:1      | Found Mikh's Distillery.
   455 | D:1      | Learned a level 2 spell: Blink
   705 | D:2      | Reached skill level 1 in Stealth
   791 | D:2      | Found a faded altar of an unknown god.
   992 | D:2      | Reached XP level 3. HP: 32/32 MP: 6/6
  1104 | D:2      | Noticed Jessica
  1107 | D:2      | Killed Jessica
  1108 | D:2      | Reached skill level 1 in Ranged Weapons
  1163 | D:3      | Reached XP level 4. HP: 35/39 MP: 7/7
  1410 | D:3      | Noticed Robin
  1430 | D:3      | Gained mutation: You have sharp fingernails. [potion of
                  | mutation]
  2542 | D:3      | Killed Robin
  3025 | D:4      | Noticed Sigmund
  3174 | D:4      | Reached XP level 5. HP: 45/45 MP: 8/8
  3397 | D:4      | Reached skill level 3 in Maces & Flails
  3600 | D:4      | Killed Sigmund
  3601 | D:4      | Reached skill level 5 in Maces & Flails
  3601 | D:4      | Reached XP level 6. HP: 29/52 MP: 9/9
  3855 | D:5      | Entered Level 5 of the Dungeon
  3862 | D:5      | Reached XP level 7. HP: 60/60 MP: 10/10
  3905 | D:5      | Reached skill level 6 in Maces & Flails
  3907 | D:5      | HP: 2/60 [centaur (4)]
  3915 | D:5      | HP: 1/135 [orc wizard/+0 dagger (1)]
  3918 | D:5      | Slain by an orc

Illustrated notes

Levels and vault maps discovered:
D:1:      dpeg_arrival_rooms_b, layout_rooms, serial_shops, shop,
          nicolae_shop_window_shopping, nicolae_shop_window_shopping,
          nicolae_shop_crystal, chequers_serial_rivers_micro_e,
          dreamdust_princess_bridge
D:2:      layout_rooms, dilly_ecumenical_altar_fadedgnrine, uniq_jessica
D:3:      wander_river, layout_loops_ring, grunt_decor_junction,
          minmay_pentangle, uniq_robin
D:4:      layout_rooms, uniq_sigmund
D:5:      layout_basic, grunt_ministairs_15

Skill      XL: |  1  2  3  4  5  6  7 |
---------------+----------------------+-----
Stealth        | 2 3 |  3.0
Ranged Weapons | 1 3 |  3.3
Maces & Flails | 5 6 |  6.8
Fighting       | |  2.0
Throwing       | |  0.8
Armour         | |  0.7
Dodging        | |  1.5
Spellcasting   | |  2.0
Translocations | |  3.0

Action                     |  1- 3 |  4- 6 |  7- 9 || total
---------------------------+-------+-------+-------++-------
  Melee: Mace              |    16 |    14 |    15 ||    45
         Punch             |       |       |     2 ||     2
   Fire: Sling             |    36 |   110 |     2 ||   148
  Throw: Boomerang         |     7 |       |       ||     7
Ability: Spit Poison       |     8 |     4 |       ||    12
    Use: Potion            |       |     2 |     4 ||     6
         Scroll            |       |     1 |       ||     1
 Armour: Leather armour    |    16 |    44 |    30 ||    90
         Skin              |       |       |    31 ||    31
  Dodge: Dodged            |    10 |    26 |    17 ||    53

Table legend: (Time is in decaauts)
 A = Elapsed time spent in this place.
 B = Non-inter-level travel time spent in this place.
 C = Inter-level travel time spent in this place.
 D = Time resting spent in this place.
 E = Time spent auto-exploring this place.
 F = Levels seen in this place.
 G = Mean time per level.
                   A        B        C        D        E       F      G
               +--------+--------+--------+--------+--------+-----+--------+
         Total |   4796 |   4596 |    200 |   1347 |   2601 |   5 |  959.2 |
       Dungeon |   4796 |   4596 |    200 |   1347 |   2601 |   5 |  959.2 |
               +--------+--------+--------+--------+--------+-----+--------+

Top non-repeatable levels by time:
     D:3: 2317 daAuts
     D:4: 865 daAuts
     D:1: 834 daAuts
     D:2: 702 daAuts
     D:5: 76 daAuts
